 Dungeon Crawl Stone Soup version 0.31-a0-986-g5e6e4ef867 (webtiles) character file.

Game seed: 2623641200191947402

7 avis the Charlatan (level 1, 9/9 HPs)
             Began as a Felid Artificer on Nov 12, 2023.
             Got out of the dungeon alive.
             The game lasted 00:02:18 (356 turns).

avis the Charlatan (Felid Artificer)                 Turns: 356, Time: 00:02:19

Health: 9/9        AC:  1    Str:  8    XL:     1   Next: 91%
Magic:  2/2        EV: 18    Int: 12    God:
Gold:   13         SH:  0    Dex: 16    Spells: 0/0 levels left
                                        Lives:  0   Deaths: 1

rFire   . . .        (weapon unavailable)
rCold   . . .        (shield unavailable)
rNeg    . . .        (body armour unavailable)
rPois   .            (helmet unavailable)
rElec   .            (cloak unavailable)
rCorr   .            (gloves unavailable)
SInv    +            (boots unavailable)
Will    .....        (no amulet)
Stlth   ++           (no ring)
HPRegen 0.21/turn    (no ring)
MPRegen 0.08/turn

%: no passive effects
@: quick
A: very small, claws 1, fangs 3, see invisible, speed 1, shaggy fur 1, stealthy
paws, no weapons or thrown items, no armour, multi-lived
a: no special abilities


You escaped.
You visited 1 branch of the dungeon, and saw 1 of its levels.

You collected 13 gold pieces.

Inventory:

Wands
 a - a wand of flame (15) (quivered)
 b - a wand of charming (15)
 c - a wand of iceblast (5)
Scrolls
 f - a scroll of poison {unknown}
 g - a scroll of enchant weapon {unknown}
 h - a scroll of revelation {unknown}
Potions
 d - a potion of curing {unknown}
 e - a potion of cancellation {unknown}


   Skills:
 - Level 1.0 Fighting
 - Level 3.2 Dodging
 - Level 1.3 Stealth
 * Level 3.9 Evocations


You couldn't memorise any spells.
You didn't know any spells.
Your spell library was empty.

Dungeon Overview and Level Annotations

Branches:
Dungeon (1/15)

Altars:


Innate Abilities, Weirdness & Mutations

You have sharp claws.
You have razor-sharp teeth.
You have supernaturally acute eyesight. (SInv)
You cover ground quickly. (Speed+)
You are covered in fur. (AC +1)
Your paws help you pounce on unaware monsters.
You are incapable of wielding weapons or throwing items.
You cannot wear armour.
You gain extra lives every three experience levels.


Message History

There is an open door here.
There is an open door here.
You open the door.
There is an open door here.
You open the door.
A quokka comes into view.
There is an open door here.
You pounce on the unaware helpless quokka!
You scratch the quokka.
The quokka is heavily wounded.
The quokka bites you.
You miss the quokka.
The quokka is heavily wounded.
The quokka closely misses you. The quokka completely misses you.
You closely miss the quokka.
The quokka is heavily wounded.
The quokka bites you.
You scratch the quokka but do no damage.
The quokka is heavily wounded.
The quokka completely misses you.
You scratch the quokka but do no damage.
The quokka is heavily wounded.
The quokka barely misses you.
You miss the quokka.
The quokka is heavily wounded.
The quokka barely misses you.
You scratch the quokka.
The quokka is severely wounded.
The quokka closely misses you. The quokka completely misses you.
You miss the quokka.
The quokka is severely wounded.
The quokka barely misses you.
You closely miss the quokka.
The quokka is severely wounded.
The quokka bites you.
Ouch! That really hurt!
You die...
You rejoin the land of the living...
There is a staircase leading out of the dungeon here.
You have escaped!

#....##.######## ########
#....+.#'......####......+#
#....#.#........##...[....#
#....#.#...##...##...##...#
#....+.#..####..##..####..#
#....###..####..##..####..#
#....# #...##...##...##...#
#....# #..................#
##.......@........##
######..##..######
######..##..######
##.......)........##
#..................#
#...##...##...##...#
#..####..##..####..#
#..####..##..####..#
#...##...##.†.##...#


There were no monsters in sight!

Vanquished Creatures
  A giant cockroach (D:1)
  2 hobgoblins (D:1)
  2 ball pythons (D:1)
  2 rats (D:1)
7 creatures vanquished.

Notes
Turn   | Place    | Note
-------+----------+-------------------------------------------
     0 | D:1      | avis the Felid Artificer began the quest for the Orb.
     0 | D:1      | Reached XP level 1. HP: 9/9 MP: 2/2
   352 | D:1      | Slain by a quokka
   356 | D:$      | Got out of the dungeon alive.

Illustrated notes

Levels and vault maps discovered:
D:1:      minmay_arrival_four_loops, layout_basic, serial_shops, shop_statue

Action                     || total
---------------------------++-------
  Melee: Unarmed           ||    42
         Bite              ||     7
   Stab: Sleeping          ||     2
 Armour: Skin              ||     6
  Dodge: Dodged            ||    34

Table legend: (Time is in decaauts)
 A = Elapsed time spent in this place.
 B = Non-inter-level travel time spent in this place.
 C = Inter-level travel time spent in this place.
 D = Time resting spent in this place.
 E = Time spent auto-exploring this place.
 F = Levels seen in this place.
 G = Mean time per level.
                   A        B        C        D        E       F      G
               +--------+--------+--------+--------+--------+-----+--------+
         Total |    318 |    318 |      0 |    110 |     87 |   1 |  318.0 |
       Dungeon |    318 |    318 |      0 |    110 |     87 |   1 |  318.0 |
               +--------+--------+--------+--------+--------+-----+--------+

Top non-repeatable levels by time:
     D:1: 318 daAuts
